 Dungeon Crawl Stone Soup version 0.25-a0-781-gc44aebf4fe (webtiles) character file.

Game seed: 13950936730489362081, levelgen mode: deterministic

39 Findor the Poker (level 3, 0/32 HPs)
             Began as a Naga Skald on Apr 15, 2020.
             Slain by a jackal (2 damage)
             ... on level 1 of the Dungeon.
             The game lasted 00:01:23 (1131 turns).

Findor the Poker (Naga Skald)                       Turns: 1131, Time: 00:01:24

Health: 0/32       AC:  2    Str: 14    XL:     3   Next: 45%
Magic:  6/6        EV:  9    Int: 13    God:
Gold:   112        SH:  0    Dex: 10    Spells: 5/6 levels left

rFire    . . .     SeeInvis +   a - +0 spear
rCold    . . .     Gourm    .   (no shield)
rNeg     . . .     Faith    .   b - +0 leather armour
rPois    +         Spirit   .   (no helmet)
rElec    .         Reflect  .   (no cloak)
rCorr    .         Harm     .   (no gloves)
MR       .....                  (no barding)
Stlth    +.........             (no amulet)
HPRegen  0.10/turn              (no ring)
MPRegen  0.10/turn              (no ring)

@: short of breath, very slow
A: large, see invisible, deformed body, poison resistance, slowness 2, slow
metabolism 1, spit poison 1, AC +1
a: Spit Poison


You were on level 1 of the Dungeon.
You were not hungry.

You visited 1 branch of the dungeon, and saw 2 of its levels.

You collected 112 gold pieces.


Innate Abilities, Weirdness & Mutations

You cannot wear boots.
Your serpentine skin is tough. (AC +1)
You have supernaturally acute eyesight. (SInv)
Armour fits poorly on your strangely shaped body.
Your system is resistant to poisons. (rPois)
You cover ground very slowly.
You have a slow metabolism.
You can spit poison.


   Skills:
 - Level 2.0 Fighting
 * Level 3.7 Polearms
 - Level 0.7 Armour
 - Level 1.5 Dodging
 - Level 2.0 Spellcasting
 - Level 3.0 Charms


You had 5 spell levels left.
You knew the following spells:

 Your Spells              Type           Power        Failure   Level  Hunger
a - Infusion              Chrm           #...         10%         1    ##.....

Your spell library contained the following spells:

 Spells                   Type           Power        Failure   Level  Hunger
 Song of Slaying          Chrm           #.......     14%         2    ###....
 Shroud of Golubria       Chrm/Tloc      #.....       26%         2    ###....
 Ozocubu's Armour         Chrm/Ice       #.......     45%         3    ####...
 Spectral Weapon          Hex/Chrm       #.......     45%         3    ####...

Inventory:

Hand Weapons
 a - a +0 spear (weapon)
Armour
 b - a +0 leather armour (worn)
Jewellery
 h - an uncursed ring of protection from cold
   (You took it off a hobgoblin on level 1 of the Dungeon)
Scrolls
 c - a scroll of identify {unknown}
 e - a scroll of remove curse {unknown}
 g - a scroll of immolation {unknown}
 i - a scroll of blinking {unknown}
 j - 2 scrolls of magic mapping {unknown}
 k - a scroll of teleportation {unknown}
Potions
 l - a potion of curing {unknown}
Comestibles
 d - 3 rations


Message History

The jackal bites you but does no damage.
The frilled lizard bites the fungus.
The goblin hits you with a +0 club. The jackal bites you. The jackal bites you.
The hobgoblin hits you but does no damage.
The jackal bites you.
* * * LOW HITPOINT WARNING * * *
The jackal bites you.
* * * LOW HITPOINT WARNING * * *
The goblin misses you. The jackal barely misses you.
The jackal closely misses you.
The jackal bites you but does no damage.
The jackal bites you.
* * * LOW HITPOINT WARNING * * *
A jackal comes into view.
There is a stone staircase leading up here.
The jackal bites you.
* * * LOW HITPOINT WARNING * * *
The hobgoblin hits you with a +0 club.
* * * LOW HITPOINT WARNING * * *
You climb upwards.
There is a stone staircase leading down here.
You hit the hobgoblin.
The jackal pauses to sniff the ground.
The jackal misses you. The hobgoblin barely misses you.
The jackal barely misses you.
You closely miss the hobgoblin. The jackal barely misses you.
The hobgoblin hits you with a +0 club.
* * * LOW HITPOINT WARNING * * *
You barely miss the hobgoblin.
The jackal bites you but does no damage.
The hobgoblin hits you with a +0 club.
* * * LOW HITPOINT WARNING * * *
You hit the hobgoblin.
You kill the hobgoblin!
The jackal bites you but does no damage.
Unknown command.
Unknown command.
Your leather armour prevents you from hitting the jackal.
The jackal bites you.
* * * LOW HITPOINT WARNING * * *
The jackal bites you.
* * * LOW HITPOINT WARNING * * *
Okay, then.
Press: ? - help, Shift-Dir - straight line, f - jackal
Aim: a jackal The splash of poison misses the jackal.
You feel slightly more hungry. The jackal misses you.
You hit the jackal. The jackal bites you.
You die...

.............####...#
♣♣..♣.♣
#####......#........#
♣)...♣♣
###....#)..##...#
♣♣.<..♣
#######...).(....(..#
♣...♣♣
...........)###..#.##
♣♣♣.♣.♣
###.###.##.......###
♣.♣.♣♣♣
...........####....#
♣♣...♣
####.............h.#
♣.♣♣♣
##...##......@).# ♣..♣
#...####....#.## ♣..♣♣
#...# #.......# ♣...♣
#...#
######..########.#####
#...#
#.........#.###.. #
#####
###................
#####
#.....######.###...
....### #.#####
#.###... ......## #.#
#.......


You could see a jackal.

Vanquished Creatures
  An ooze (D:1)
  A giant cockroach (D:1)
  8 goblins
  5 hobgoblins (D:1)
  4 kobolds (D:1)
  4 bats (D:1)
  4 frilled lizards (D:1)
  4 rats (D:1)
31 creatures vanquished.

Notes
Turn   | Place    | Note
-------+----------+-------------------------------------------
     0 | D:1      | Findor the Naga Skald began the quest for the Orb.
     0 | D:1      | Reached XP level 1. HP: 19/19 MP: 3/3
   215 | D:1      | Reached XP level 2. HP: 20/26 MP: 5/5
   349 | D:1      | Reached skill level 3 in Polearms
   447 | D:1      | Reached XP level 3. HP: 17/32 MP: 6/6
  1110 | D:2      | Found a blossoming altar of Fedhas.
  1129 | D:1      | HP: 5/32 [jackal (2)]
  1129 | D:1      | HP: 2/32 [jackal (3)]
  1131 | D:1      | Slain by a jackal

Levels and vault maps discovered:
D:1:      roderic_dead_forest, layout_rooms, serial_curves, eino_curves_03,
          eino_curves_04, eino_curves_02, eino_curves_04
D:2:      layout_basic, fedhas_altar_3, first_ration,
          nemelex_spade_bored_becter, uniq_natasha, uniq_robin

Action                   || total
-------------------------++-------
Melee: Spear             ||   101
 Abil: Spit Poison       ||     1
 Stab: Distracted        ||     1
Armor: Leather armour    ||    23
Dodge: Dodged            ||    51
